[Event "Chinese Championship-B Men 2024"]
[Site "Liaocheng"]
[Date "2024.04.24"]
[Round "2.10"]
[White "Chen, Hongsen"]
[Black "Liu, Heyang"]
[Result "1-0"]
[WhiteElo "2171"]
[BlackElo "1776"]
[PlyCount "123"]
[EventDate "2024.04.24"]
[EventType "swiss"]
[EventCountry "CHN"]
[TimeControl "5400+30"]

1. d4 Nf6 2. c4 e6 3. Nf3 d5 4. Nc3 c6 5. cxd5 exd5 6. Bg5 Be7 7. Qc2 O-O 8. e3 Nbd7 9. h3 Re8 10. Bd3 Nf8 11. O-O g6 12. Rab1 a5 13. a3 Ne6 14. Bh4 Ng7 15. b4 axb4 16. axb4 Bf5 17. Ne5 Bxd3 18. Nxd3 Nf5 19. Bxf6 Bxf6 20. b5 Ra3 21. Ne2 Qe7 22. bxc6 bxc6 23. Kh1 Qd7 24. Nef4 Nd6 25. Nc5 Qc8 26. Ra1 Rxa1 27. Rxa1 Kg7 28. Ra6 Ne4 29. Rb6 Bd8 30. Rb1 Bc7 31. Nxe4 Bxf4 32. Nc5 Bd6 33. Nd3 Qd7 34. Rb3 Ra8 35. f4 Re8 36. Nf2 Ra8 37. g4 Ra6 38. Kg2 Qa7 39. Rc3 Qa8 40. Rb3 Ra2 41. Rb2 Rxb2 42. Qxb2 Qa3 43. Qxa3 Bxa3 44. Nd3 Bd6 45. Kf3 Kf6 46. e4 dxe4+ 47. Kxe4 Ke6 48. f5+ Kf6 49. Ne5 Bxe5 50. dxe5+ Ke7 51. h4 h5 52. gxh5 gxf5+ 53. Kxf5 c5 54. h6 Kf8 55. Kf6 Kg8 56. h7+ Kxh7 57. Kxf7 c4 58. e6 c3 59. e7 c2 60. e8=Q c1=Q 61. Qg8+ Kh6 62. Qg6# 1-0

[Event "Chinese Championship-B Men 2024"]
[Site "Liaocheng"]
[Date "2024.04.24"]
[Round "2.11"]
[White "Liu, Haoling"]
[Black "Gong, Changda"]
[Result "1/2-1/2"]
[WhiteElo "1772"]
[BlackElo "2170"]
[PlyCount "62"]
[EventDate "2024.04.24"]
[EventType "swiss"]
[EventCountry "CHN"]
[TimeControl "5400+30"]

1. d4 d5 2. Nf3 Nf6 3. Bf4 c5 4. e3 Nc6 5. Nbd2 Qb6 6. dxc5 Qxb2 7. Rb1 Qc3 8. Bb5 g6 9. O-O Bg7 10. Nd4 Bd7 11. N2b3 Ne4 12. Bd3 Nxd4 13. exd4 O-O 14. Re1 Qb4 15. Bxe4 dxe4 16. Rxe4 e6 17. Bd6 Rfe8 18. Nd2 Qa5 19. Nc4 Qxa2 20. Ne5 Ba4 21. Re2 Qd5 22. Qd2 Bc6 23. f3 b5 24. Qf4 f6 25. Nxc6 Qxc6 26. Qe4 Qd7 27. Qd3 a6 28. c4 Bf8 29. Bxf8 Kxf8 30. cxb5 axb5 31. Rxb5 Ra4 1/2-1/2

[Event "Chinese Championship-B Men 2024"]
[Site "Liaocheng"]
[Date "2024.04.24"]
[Round "2.12"]
[White "Wang, Hao B"]
[Black "Feng, Yusheng"]
[Result "1-0"]
[WhiteElo "2170"]
[BlackElo "1763"]
[PlyCount "63"]
[EventDate "2024.04.24"]
[EventType "swiss"]
[EventCountry "CHN"]
[TimeControl "5400+30"]

1. d4 Nf6 2. c4 e6 3. Nf3 b6 4. a3 Bb7 5. Nc3 Be7 6. Qc2 d5 7. cxd5 exd5 8. Bf4 a6 9. e3 Nbd7 10. Bd3 O-O 11. g4 g6 12. Rg1 c5 13. h4 c4 14. Be2 Re8 15. h5 Bf8 16. hxg6 hxg6 17. O-O-O b5 18. Ne5 Bg7 19. Bf3 Nf8 20. Rh1 Rc8 21. Bh6 Qd6 22. Bxg7 Kxg7 23. g5 N6h7 24. Bg4 Rb8 25. f4 Bc8 26. Bxc8 Rbxc8 27. Rh6 f5 28. Rdh1 Kg8 29. Qxf5 gxf5 30. Rxd6 Rb8 31. g6 Rb7 32. Nxd5 1-0

[Event "Chinese Championship-B Men 2024"]
[Site "Liaocheng"]
[Date "2024.04.24"]
[Round "2.13"]
[White "Xie, Jiaxiang"]
[Black "Hou, Yifan b"]
[Result "0-1"]
[WhiteElo "1757"]
[BlackElo "2161"]
[PlyCount "72"]
[EventDate "2024.04.24"]
[EventType "swiss"]
[EventCountry "CHN"]
[TimeControl "5400+30"]

1. e4 c5 2. Nf3 Nc6 3. c3 Nf6 4. e5 Nd5 5. d4 cxd4 6. cxd4 d6 7. Bc4 dxe5 8. dxe5 Be6 9. Na3 a6 10. O-O g6 11. Qe2 Bg7 12. Rd1 O-O 13. Nc2 Nc3 14. bxc3 Bxc4 15. Qe1 Qa5 16. Bf4 Rfd8 17. Ne3 Be6 18. Ng5 Qa4 19. Nxe6 fxe6 20. Bg3 Nxe5 21. Nf1 Rxd1 22. Rxd1 Nf7 23. Ne3 b5 24. Qe2 Rc8 25. Qf3 Bf6 26. h4 Rxc3 27. h5 Qxa2 28. Qa8+ Kg7 29. h6+ Nxh6 30. Rd8 Qb1+ 31. Kh2 Rxe3 32. fxe3 Ng4+ 33. Kh3 Qh1+ 34. Bh2 Qxh2+ 35. Kxg4 Qh5+ 36. Kg3 Bh4+ 0-1

[Event "Chinese Championship-B Men 2024"]
[Site "Liaocheng"]
[Date "2024.04.24"]
[Round "2.14"]
[White "Zhu, Yilun"]
[Black "Hong, Mingren"]
[Result "1/2-1/2"]
[WhiteElo "2125"]
[BlackElo "1747"]
[PlyCount "103"]
[EventDate "2024.04.24"]
[EventType "swiss"]
[EventCountry "CHN"]
[TimeControl "5400+30"]

1. Nf3 Nf6 2. c4 g6 3. Nc3 d6 4. d4 Bg7 5. e4 O-O 6. h3 e5 7. dxe5 dxe5 8. Qxd8 Rxd8 9. Bg5 Re8 10. O-O-O h6 11. Be3 c6 12. Be2 Kh7 13. g4 Nbd7 14. Nd2 Nf8 15. c5 Be6 16. Rhg1 g5 17. h4 gxh4 18. g5 hxg5 19. Nf3 Kh8 20. Nxg5 N6h7 21. Nxe6 Nxe6 22. Rd7 Nd8 23. Bc4 Nf8 24. Bxf7 Nxd7 25. Bxe8 Nxc5 26. Bg6 Nde6 27. Ne2 Bf6 28. Bf5 Rg8 29. Rh1 Nd4 30. Nxd4 exd4 31. e5 Bxe5 32. Rxh4+ Kg7 33. Bg5 Rh8 34. Rg4 Kf7 35. b4 Rh1+ 36. Kd2 Ne6 37. Bh4 Bf6 38. Bxe6+ Kxe6 39. Bxf6 Kxf6 40. Rxd4 Ra1 41. Rd7 Rxa2+ 42. Kc3 b6 43. Rd6+ Ke5 44. Rxc6 Rxf2 45. Rc7 Ra2 46. Kb3 Ra1 47. Kb2 Kd6 48. Rh7 Ra6 49. Kb3 Ra1 50. Kb2 Ra4 51. Kb3 Ra1 52. Kb2 1/2-1/2

[Event "Chinese Championship-B Men 2024"]
[Site "Liaocheng"]
[Date "2024.04.24"]
[Round "2.15"]
[White "Ren, Yibai"]
[Black "Chen, Zimu(Js)"]
[Result "0-1"]
[WhiteElo "1755"]
[BlackElo "2075"]
[PlyCount "80"]
[EventDate "2024.04.24"]
[EventType "swiss"]
[EventCountry "CHN"]
[TimeControl "5400+30"]

1. e4 c5 2. Nf3 d6 3. d4 cxd4 4. Nxd4 Nf6 5. Nc3 Nc6 6. Bg5 e6 7. Qd2 a6 8. O-O-O Bd7 9. f3 b5 10. Nxc6 Bxc6 11. Kb1 h6 12. Be3 Be7 13. g4 d5 14. exd5 Nxd5 15. Nxd5 Bxd5 16. Bg2 Qc7 17. f4 Rd8 18. Bxd5 Rxd5 19. Qe2 Rxd1+ 20. Rxd1 O-O 21. f5 exf5 22. gxf5 Bf6 23. Bd4 Bxd4 24. Rxd4 Qc6 25. a3 Re8 26. Qd2 Qf6 27. Qd3 Qe5 28. h4 Kh7 29. Rd7 f6 30. h5 Qh2 31. Qd1 Re2 32. Ra7 Rg2 33. Qd4 Qxh5 34. Qd5 Rf2 35. Ra8 Qxf5 36. Qg8+ Kg6 37. Rc8 Qd7 38. b3 Rf1+ 39. Ka2 Qd4 40. Qe8+ Kg5 0-1

[Event "Chinese Championship-B Men 2024"]
[Site "Liaocheng"]
[Date "2024.04.24"]
[Round "3.1"]
[White "Meng, Yihan"]
[Black "Jin, Yueheng"]
[Result "1-0"]
[WhiteElo "2042"]
[BlackElo "2407"]
[PlyCount "141"]
[EventDate "2024.04.24"]
[EventType "swiss"]
[EventCountry "CHN"]
[TimeControl "5400+30"]

1. e4 c5 2. Nf3 e6 3. g3 d5 4. d3 dxe4 5. dxe4 Qxd1+ 6. Kxd1 Nc6 7. Nbd2 Nf6 8. Bb5 Bd7 9. a4 Ng4 10. Ke2 Bd6 11. h3 Nge5 12. Nxe5 Bxe5 13. c3 Bc7 14. f4 a6 15. Bd3 e5 16. Nb3 b6 17. f5 Ke7 18. Be3 Bd6 19. Rhd1 f6 20. Bc4 Rhd8 21. Bd5 Rab8 22. g4 h6 23. Rd2 a5 24. Kf3 Kf8 25. h4 Ne7 26. Bc4 Bc6 27. Be6 c4 28. Bxc4 h5 29. Bd3 Bc7 30. Bc2 hxg4+ 31. Kxg4 Rxd2 32. Bxd2 Nc8 33. Be3 Nd6 34. Nd2 Ke7 35. b4 axb4 36. cxb4 Ra8 37. h5 Nc8 38. Nc4 b5 39. axb5 Rxa1 40. bxc6 Ra2 41. Bb3 Ra1 42. Bc2 Ra2 43. Bb3 Ra1 44. Bc5+ Ke8 45. Ne3 Bb6 46. Be6 Bxc5 47. bxc5 Na7 48. c7 Ra6 49. c8=Q+ Nxc8 50. Bxc8 Rc6 51. Be6 Rxc5 52. h6 gxh6 53. Nd5 Rc1 54. Nxf6+ Ke7 55. Ng8+ Kf8 56. Nxh6 Kg7 57. Kg5 Re1 58. f6+ Kh7 59. Bf5+ Kh8 60. Nf7+ Kg8 61. Nxe5 Rg1+ 62. Ng4 Kf7 63. e5 Re1 64. e6+ Kf8 65. Kf4 Rf1+ 66. Ke5 Re1+ 67. Be4 Ke8 68. Nh6 Kf8 69. Nf5 Rd1 70. e7+ Kf7 71. Nd6+ 1-0

[Event "Chinese Championship-B Men 2024"]
[Site "Liaocheng"]
[Date "2024.04.24"]
[Round "3.2"]
[White "Xie, Kaifan"]
[Black "Chan, Wang Ip Boris"]
[Result "1-0"]
[WhiteElo "2393"]
[BlackElo "2011"]
[PlyCount "63"]
[EventDate "2024.04.24"]
[EventType "swiss"]
[EventCountry "CHN"]
[TimeControl "5400+30"]

1. d4 Nf6 2. c4 e6 3. Nf3 b6 4. g3 Bb7 5. Bg2 Be7 6. O-O O-O 7. Re1 Qc8 8. Nc3 Ne4 9. Bd2 d6 10. d5 Nxc3 11. Bxc3 e5 12. e4 Qe8 13. b4 Nd7 14. Nd2 a6 15. Bh3 Bg5 16. Nb3 Bc8 17. a4 Rb8 18. Rb1 Nf6 19. Bf1 c6 20. a5 b5 21. c5 cxd5 22. exd5 Bf5 23. Rb2 Be4 24. cxd6 Nxd5 25. Bd2 Bxd2 26. Rxd2 Nf6 27. Nc5 Qc6 28. d7 Bf3 29. Rd6 Qa8 30. Qd2 Ne4 31. Nxe4 Bxe4 32. Rxe4 1-0

[Event "Chinese Championship-B Men 2024"]
[Site "Liaocheng"]
[Date "2024.04.24"]
[Round "3.3"]
[White "Liu, Aiwei"]
[Black "Zhang, Ziji"]
[Result "0-1"]
[WhiteElo "1954"]
[BlackElo "2392"]
[PlyCount "118"]
[EventDate "2024.04.24"]
[EventType "swiss"]
[EventCountry "CHN"]
[TimeControl "5400+30"]

1. e4 c5 2. Nf3 Nc6 3. Be2 g6 4. O-O Bg7 5. c3 Nf6 6. e5 Nd5 7. d4 cxd4 8. cxd4 d6 9. exd6 Qxd6 10. Nc3 O-O 11. Nxd5 Qxd5 12. Be3 Rd8 13. Qa4 Be6 14. Rfd1 Qd6 15. Rac1 Bd5 16. Ne1 Qe6 17. Bc4 a6 18. Nf3 Qf5 19. Bxd5 Rxd5 20. Rc5 Rad8 21. h3 Rxc5 22. dxc5 Rxd1+ 23. Qxd1 Bxb2 24. Qb3 Qb1+ 25. Kh2 Be5+ 26. Nxe5 Qxb3 27. axb3 Nxe5 28. f4 Nc6 29. Kg3 f6 30. Kf3 Kf7 31. Ke4 Ke6 32. g4 f5+ 33. Kd3 Kd5 34. gxf5 gxf5 35. Bf2 e6 36. Bg1 Nb4+ 37. Kc3 a5 38. Bf2 Na6 39. c6 Kxc6 40. Kd4 Nc5 41. b4 axb4 42. Be1 b3 43. Bc3 Na4 44. Ba1 b2 45. Bxb2 Nxb2 46. Ke5 Nd3+ 47. Kxe6 Nxf4+ 48. Kxf5 Nxh3 49. Kg4 b5 50. Kxh3 b4 51. Kh4 b3 52. Kh5 b2 53. Kh6 b1=Q 54. Kg7 h5 55. Kh6 Qg1 56. Kxh5 Kd5 57. Kh4 Ke4 58. Kh3 Kf4 59. Kh4 Qh1# 0-1

[Event "Chinese Championship-B Men 2024"]
[Site "Liaocheng"]
[Date "2024.04.24"]
[Round "3.4"]
[White "Jin, Hongtao"]
[Black "Jiang, Haochen"]
[Result "0-1"]
[WhiteElo "1903"]
[BlackElo "2381"]
[PlyCount "96"]
[EventDate "2024.04.24"]
[EventType "swiss"]
[EventCountry "CHN"]
[TimeControl "5400+30"]

1. d4 Nf6 2. Nf3 g6 3. g3 Bg7 4. Bg2 d5 5. O-O O-O 6. c4 Nc6 7. b3 dxc4 8. bxc4 e5 9. Bb2 e4 10. Ne5 Nxe5 11. dxe5 Ng4 12. Bxe4 Nxe5 13. Nd2 c6 14. Qc2 Re8 15. Rfd1 Qe7 16. Rab1 Bg4 17. Bxe5 Bxe5 18. Bf3 Bf5 19. Be4 Be6 20. Nb3 a5 21. Nd4 Bh3 22. Bg2 Bg4 23. Bf3 h5 24. e3 Rad8 25. Bxg4 hxg4 26. Qe4 f5 27. Nxf5 gxf5 28. Qxf5 Qg7 29. Rxd8 Rxd8 30. Rxb7 Qxb7 31. Qg5+ Kf7 32. Qxd8 Qb1+ 33. Kg2 Qe4+ 34. Kg1 Qxc4 35. Qxa5 Ke6 36. Qd8 Qe4 37. Qg8+ Kd6 38. a3 Kc5 39. Qe6 Kb5 40. Qb3+ Ka5 41. Kf1 c5 42. Ke1 Qa4 43. Qd3 Qb5 44. Qc2 c4 45. Qe4 Ka4 46. Qxg4 Qb1+ 47. Kd2 Qd3+ 48. Kc1 Kxa3 0-1

[Event "Chinese Championship-B Men 2024"]
[Site "Liaocheng"]
[Date "2024.04.24"]
[Round "3.5"]
[White "Wu, Yixing"]
[Black "Yao, Yuhang"]
[Result "1-0"]
[WhiteElo "2348"]
[BlackElo "1887"]
[PlyCount "101"]
[EventDate "2024.04.24"]
[EventType "swiss"]
[EventCountry "CHN"]
[TimeControl "5400+30"]

1. Nf3 Nf6 2. c4 g6 3. Nc3 Bg7 4. g3 O-O 5. Bg2 d6 6. d4 Nbd7 7. O-O e5 8. e4 c6 9. Re1 Qa5 10. h3 exd4 11. Nxd4 Ne5 12. Bf1 Re8 13. Nb3 Qc7 14. f4 Ned7 15. Bg2 Nb6 16. c5 dxc5 17. Nxc5 Nh5 18. Kh2 Nd7 19. Nd3 Bxc3 20. bxc3 b6 21. c4 c5 22. Bb2 Bb7 23. Qd2 Re7 24. Rad1 Rf8 25. Qc3 f6 26. Nf2 Ng7 27. Ng4 Ne8 28. Ne3 Nd6 29. e5 Nf7 30. Nd5 Bxd5 31. cxd5 fxe5 32. fxe5 Rxe5 33. d6 Qd8 34. Rxe5 Nfxe5 35. Bd5+ Kg7 36. Be6 Rf2+ 37. Kg1 Rxb2 38. Qxb2 Qf6 39. Qb3 Nf3+ 40. Kg2 Nd4 41. Rxd4 Qxd4 42. Bxd7 Qd2+ 43. Kf3 Qxd6 44. Bb5 Qf6+ 45. Kg2 Qd4 46. a4 Qd2+ 47. Kf3 Qe1 48. Qe3 Qh1+ 49. Kf4 Qxh3 50. Qe7+ Kh6 51. Qf8+ 1-0

[Event "Chinese Championship-B Men 2024"]
[Site "Liaocheng"]
[Date "2024.04.24"]
[Round "3.6"]
[White "Zhang, Di"]
[Black "Tao, Qibing"]
[Result "1-0"]
[WhiteElo "2303"]
[BlackElo "1875"]
[PlyCount "75"]
[EventDate "2024.04.24"]
[EventType "swiss"]
[EventCountry "CHN"]
[TimeControl "5400+30"]

1. e4 d5 2. exd5 Qxd5 3. Nc3 Qa5 4. d4 Nf6 5. Nf3 c6 6. Bc4 Bg4 7. h3 Bh5 8. g4 Bg6 9. Ne5 Nbd7 10. Nxg6 hxg6 11. Bd2 Qb6 12. Qe2 Qxd4 13. O-O-O Qe5 14. Be3 e6 15. f4 Qa5 16. Bd2 Qc5 17. Bb3 O-O-O 18. h4 Qb6 19. f5 gxf5 20. gxf5 exf5 21. Bxf7 Ng4 22. Bg5 Ngf6 23. Be6 Bb4 24. Bxf6 gxf6 25. Rxd7 Rxd7 26. Rd1 Rhd8 27. Qd3 Qc7 28. h5 Bxc3 29. bxc3 Qf4+ 30. Kb1 Qe5 31. Bxd7+ Kc7 32. h6 f4 33. h7 Qh5 34. Qd6+ Kb6 35. Ka1 Ka6 36. Rb1 Qa5 37. Qd3+ b5 38. Qf3 1-0

[Event "Chinese Championship-B Men 2024"]
[Site "Liaocheng"]
[Date "2024.04.24"]
[Round "3.7"]
[White "Xi, Qi"]
[Black "Wang, Zihang"]
[Result "1/2-1/2"]
[WhiteElo "2217"]
[BlackElo "1846"]
[PlyCount "81"]
[EventDate "2024.04.24"]
[EventType "swiss"]
[EventCountry "CHN"]
[TimeControl "5400+30"]

1. d4 Nf6 2. c4 g6 3. f3 c5 4. d5 Bg7 5. Nh3 b5 6. cxb5 a6 7. bxa6 Bxa6 8. Nc3 d6 9. e4 Bxf1 10. Rxf1 Qb6 11. Qe2 O-O 12. Kf2 Na6 13. Kg1 Rfb8 14. Nf2 Nc7 15. a4 Nd7 16. Ra3 Qa6 17. Qc2 Qc4 18. Bg5 Kf8 19. Bd2 Na6 20. b3 Nb4 21. Qc1 Qa6 22. Bh6 c4 23. Bxg7+ Kxg7 24. Qd2 cxb3 25. Rxb3 Qc4 26. Rfb1 Nc5 27. R3b2 Nba6 28. Rxb8 Rxb8 29. Rxb8 Nxb8 30. Ng4 f6 31. Ne3 Qb4 32. Nc2 Qb2 33. Nd1 Qb6 34. Nde3 Nxa4 35. Nd4 Nc5 36. h4 Nbd7 37. h5 Ne5 38. Kh2 Kf7 39. Nec2 Kg7 40. Qd1 Qb2 41. Qd2 1/2-1/2

[Event "Chinese Championship-B Men 2024"]
[Site "Liaocheng"]
[Date "2024.04.24"]
[Round "3.8"]
[White "Zhang, Haoxuan(Zj)"]
[Black "Chen, Hongsen"]
[Result "1/2-1/2"]
[WhiteElo "1851"]
[BlackElo "2171"]
[PlyCount "60"]
[EventDate "2024.04.24"]
[EventType "swiss"]
[EventCountry "CHN"]
[TimeControl "5400+30"]

1. e4 e5 2. Nf3 Nc6 3. Bc4 Nf6 4. d3 Bc5 5. O-O O-O 6. Re1 d6 7. c3 a5 8. h3 h6 9. Nbd2 Be6 10. Bb5 Qb8 11. Bxc6 bxc6 12. d4 exd4 13. Nxd4 Re8 14. Qf3 Bxd4 15. cxd4 Qb4 16. Qc3 Bf5 17. Qxb4 axb4 18. f3 Bd7 19. a4 Nd5 20. Nc4 Nb6 21. Nxb6 cxb6 22. Bf4 c5 23. Bxd6 cxd4 24. Red1 Bxa4 25. Rxd4 Bc6 26. Rc1 Rec8 27. Bxb4 Bb5 28. Rxc8+ Rxc8 29. Bc3 Bc4 30. Rd6 b5 1/2-1/2

[Event "Chinese Championship-B Men 2024"]
[Site "Liaocheng"]
[Date "2024.04.24"]
[Round "3.9"]
[White "Li, Zhanjia"]
[Black "Wang, Hao B"]
[Result "1-0"]
[WhiteElo "1839"]
[BlackElo "2170"]
[PlyCount "77"]
[EventDate "2024.04.24"]
[EventType "swiss"]
[EventCountry "CHN"]
[TimeControl "5400+30"]

1. d4 Nf6 2. c4 g6 3. Nc3 Bg7 4. e4 d6 5. Bg5 O-O 6. Qd2 c5 7. d5 Re8 8. Nf3 Nbd7 9. Be2 a6 10. O-O Qc7 11. Ne1 Rb8 12. a4 Nf8 13. f4 Ng4 14. Bxg4 Bxg4 15. f5 f6 16. Be3 Bh5 17. Nd3 g5 18. e5 dxe5 19. Nxc5 Qc8 20. a5 Rd8 21. N3a4 Qc7 22. Nb6 Bf7 23. Qc3 h5 24. Ne6 Bxe6 25. dxe6 Qc6 26. Nd5 Rxd5 27. cxd5 Qxd5 28. Rfd1 Qe4 29. Qd3 Qb4 30. b3 Rc8 31. Ra4 Qc3 32. Qxc3 Rxc3 33. Kf2 Rxb3 34. Rd7 Rb2+ 35. Kf1 Rb1+ 36. Ke2 Rb2+ 37. Kd1 Rb3 38. Kd2 Rb2+ 39. Kd3 1-0

[Event "Chinese Championship-B Men 2024"]
[Site "Liaocheng"]
[Date "2024.04.24"]
[Round "3.10"]
[White "Hou, Yifan b"]
[Black "Xiu, Yang"]
[Result "1-0"]
[WhiteElo "2161"]
[BlackElo "1837"]
[PlyCount "67"]
[EventDate "2024.04.24"]
[EventType "swiss"]
[EventCountry "CHN"]
[TimeControl "5400+30"]

1. d4 Nf6 2. c4 e6 3. Nf3 d5 4. g3 dxc4 5. Bg2 Nc6 6. O-O a6 7. Nc3 Be7 8. e4 O-O 9. Qe2 b5 10. Rd1 Rb8 11. d5 exd5 12. e5 d4 13. exf6 Bxf6 14. Ne4 d3 15. Nxf6+ Qxf6 16. Qe4 Bb7 17. Qf4 Nb4 18. Qxf6 gxf6 19. Bd2 Nc2 20. Rac1 Rfe8 21. b3 Bxf3 22. Bxf3 Nd4 23. Kg2 Ne2 24. Bxe2 Rxe2 25. Kf3 a5 26. bxc4 b4 27. c5 a4 28. Rb1 b3 29. axb3 axb3 30. Bc3 Kg7 31. Rxd3 Rc2 32. Rb2 Rb5 33. Bd4 Rb4 34. Rbxb3 1-0

[Event "Chinese Championship-B Men 2024"]
[Site "Liaocheng"]
[Date "2024.04.24"]
[Round "3.11"]
[White "Chen, Zimu(Js)"]
[Black "Zou, Yuxiao"]
[Result "1-0"]
[WhiteElo "2075"]
[BlackElo "1791"]
[PlyCount "101"]
[EventDate "2024.04.24"]
[EventType "swiss"]
[EventCountry "CHN"]
[TimeControl "5400+30"]

1. e4 e6 2. Nf3 d5 3. e5 c5 4. c3 Nc6 5. Na3 Qb6 6. Nc2 f6 7. d4 cxd4 8. cxd4 fxe5 9. Nxe5 Nf6 10. Bd3 Bd6 11. Ng4 O-O 12. Nxf6+ Rxf6 13. O-O Bd7 14. Bg5 Rf7 15. b3 Qc7 16. Kh1 Bf4 17. Bxf4 Qxf4 18. g3 Qf3+ 19. Qxf3 Rxf3 20. Rad1 Raf8 21. Kg2 Be8 22. Ne1 R3f6 23. Be2 Bg6 24. f4 Rc8 25. Kg1 Kf7 26. Nf3 Ke7 27. Rfe1 a6 28. Rc1 Rff8 29. Kf2 Nb4 30. Bf1 h6 31. Nh4 Be4 32. a3 Na2 33. Rc5 Rxc5 34. dxc5 Rc8 35. b4 a5 36. Ra1 Nc3 37. Ke3 Ra8 38. b5 g5 39. Kd4 Nxb5+ 40. Bxb5 gxh4 41. g4 Rf8 42. Rf1 h3 43. Rf2 Rg8 44. Be2 Kd7 45. Bd1 Rc8 46. Rb2 e5+ 47. fxe5 Kc7 48. Rf2 Rg8 49. Rf7+ Kc8 50. e6 h5 51. e7 1-0

[Event "Chinese Championship-B Men 2024"]
[Site "Liaocheng"]
[Date "2024.04.24"]
[Round "3.14"]
[White "Xie, Jianjun"]
[Black "Liu, Haoling"]
[Result "0-1"]
[WhiteElo "2384"]
[BlackElo "1772"]
[PlyCount "64"]
[EventDate "2024.04.24"]
[EventType "swiss"]
[EventCountry "CHN"]
[TimeControl "5400+30"]

1. e4 c5 2. d4 cxd4 3. c3 Nf6 4. e5 Nd5 5. Nf3 Nc6 6. Bc4 Nb6 7. Bb3 d5 8. exd6 Qxd6 9. O-O Be6 10. Bxe6 Qxe6 11. Nxd4 Nxd4 12. Qxd4 Rd8 13. Qh4 Qe2 14. Nd2 Rxd2 15. Bxd2 Qxd2 16. Rfd1 Qh6 17. Qb4 Qc6 18. Qa5 a6 19. Rd4 e6 20. Qe5 f6 21. Qg3 g6 22. h4 Bc5 23. Rd3 Kf7 24. Rad1 Be7 25. b3 Rc8 26. c4 Qc7 27. Qg4 h5 28. Qf3 Qc6 29. Qxc6 Rxc6 30. g3 e5 31. f3 Bc5+ 32. Kf1 Bd4 0-1

[Event "Chinese Championship-B Men 2024"]
[Site "Liaocheng"]
[Date "2024.04.24"]
[Round "3.15"]
[White "Xia, Jinnan"]
[Black "Jiang, Qinyu"]
[Result "1-0"]
[WhiteElo "1819"]
[BlackElo "2319"]
[PlyCount "119"]
[EventDate "2024.04.24"]
[EventType "swiss"]
[EventCountry "CHN"]
[TimeControl "5400+30"]

1. d4 Nf6 2. c4 e6 3. Nf3 d5 4. Nc3 dxc4 5. Bg5 a6 6. a4 c5 7. e3 Nc6 8. dxc5 Qxd1+ 9. Rxd1 Bxc5 10. Bxc4 Bb4 11. Nd2 Bd7 12. Bxf6 gxf6 13. Nde4 Ke7 14. O-O f5 15. Ng3 Bxc3 16. bxc3 Na5 17. Be2 Rac8 18. c4 Nxc4 19. Rd4 Na5 20. e4 fxe4 21. Rxe4 Rc5 22. f4 Bc6 23. Rb4 Rd8 24. f5 Rd2 25. f6+ Ke8 26. Rg4 Rcc2 27. Rg8+ Kd7 28. Rf8 Rxe2 29. Nxe2 Rxe2 30. Rxf7+ Ke8 31. Rg7 Kf8 32. f7 Rxg2+ 33. Rxg2 Bxg2 34. Kxg2 Nc4 35. Kg3 Nd6 36. Kf4 Kxf7 37. Ke5+ Ke7 38. Kd4 b5 39. Ra1 bxa4 40. Rxa4 Kf6 41. Rxa6 Nf5+ 42. Ke4 h6 43. Rb6 Ne7 44. Rb1 Ng6 45. Rf1+ Kg5 46. Rg1+ Kf6 47. Rg2 h5 48. Rf2+ Kg5 49. Rg2+ Kf6 50. Rg1 Kg7 51. Rg5 Kh6 52. Ra5 h4 53. Ra6 Kg5 54. Rxe6 Nf4 55. Re8 Ng6 56. h3 Kf6 57. Ra8 Kg5 58. Ra5+ Kf6 59. Kf3 Ne5+ 60. Kf4 1-0

[Event "Chinese Championship-B Men 2024"]
[Site "Liaocheng"]
[Date "2024.04.24"]
[Round "4.1"]
[White "Hou, Yifan b"]
[Black "Xie, Kaifan"]
[Result "0-1"]
[WhiteElo "2161"]
[BlackElo "2393"]
[PlyCount "68"]
[EventDate "2024.04.24"]
[EventType "swiss"]
[EventCountry "CHN"]
[TimeControl "5400+30"]

1. d4 Nf6 2. c4 e6 3. Nf3 d5 4. g3 dxc4 5. Bg2 a6 6. Ne5 Bb4+ 7. Bd2 Qxd4 8. Bxb4 Qxe5 9. Na3 Nc6 10. Bc3 Qc5 11. Rc1 O-O 12. Bxf6 gxf6 13. Rxc4 Qa5+ 14. Rc3 Rd8 15. Qb1 Bd7 16. O-O Nd4 17. Re1 Bc6 18. Bxc6 Nxc6 19. Qe4 Qd5 20. Qg4+ Qg5 21. Qf3 Rd4 22. e3 Rd5 23. h4 Qg6 24. Nc4 Rad8 25. e4 Rd4 26. b3 b5 27. Ne3 Ne5 28. Qg2 c5 29. Rf1 Qxe4 30. Qxe4 Rxe4 31. Rxc5 Rd2 32. Nc2 Ree2 33. Nb4 a5 34. Na6 Ng4 0-1

[Event "Chinese Championship-B Men 2024"]
[Site "Liaocheng"]
[Date "2024.04.24"]
[Round "4.2"]
[White "Zhang, Ziji"]
[Black "Chen, Zimu(Js)"]
[Result "1-0"]
[WhiteElo "2392"]
[BlackElo "2075"]
[PlyCount "147"]
[EventDate "2024.04.24"]
[EventType "swiss"]
[EventCountry "CHN"]
[TimeControl "5400+30"]

1. c4 d6 2. Nc3 e5 3. g3 f5 4. Bg2 Nf6 5. d4 Be7 6. b3 c6 7. Bb2 O-O 8. dxe5 dxe5 9. Qxd8 Bxd8 10. Nf3 Bc7 11. O-O Nbd7 12. Rad1 e4 13. Nd4 Ne5 14. f3 exf3 15. exf3 f4 16. Rfe1 fxg3 17. hxg3 Ng6 18. f4 Bg4 19. Bf3 Bxf3 20. Nxf3 Rae8 21. Ng5 Bb6+ 22. Kg2 Ng4 23. Bc1 Rxe1 24. Rxe1 Ba5 25. Bb2 Rd8 26. Re2 h6 27. Ne6 Rd3 28. Nc5 Rxc3 29. Bxc3 Bxc3 30. Nxb7 Kf8 31. a3 Ne7 32. b4 Nf5 33. Nd8 Nge3+ 34. Kh3 Nxc4 35. Rc2 Bf6 36. Rxc4 Bxd8 37. Rxc6 Bb6 38. a4 Ne7 39. Rd6 Ke8 40. a5 Bd8 41. Kg4 g6 42. Kf3 h5 43. Ke4 Bc7 44. Ra6 Bb8 45. b5 Kd7 46. Kd3 Kc8 47. Kc4 Kd7 48. Kc5 Kc8 49. Re6 Kd7 50. Ra6 Kc8 51. Rf6 Kd7 52. b6 a6 53. b7 Ba7+ 54. Kc4 Nc6 55. Rxg6 Nxa5+ 56. Kd5 Nxb7 57. Rg7+ Kc8 58. f5 Be3 59. f6 Nd8 60. f7 Nxf7 61. Rxf7 Bd2 62. Ke4 a5 63. Rh7 Be1 64. Kf3 a4 65. Ra7 h4 66. g4 Kd8 67. Rxa4 Bg3 68. Re4 Bd6 69. Kg2 Be7 70. Kh3 Bf6 71. Re6 Bg5 72. Re5 Bf6 73. Rf5 Ke7 74. g5 1-0

[Event "Chinese Championship-B Men 2024"]
[Site "Liaocheng"]
[Date "2024.04.24"]
[Round "4.3"]
[White "Jiang, Haochen"]
[Black "Meng, Yihan"]
[Result "1/2-1/2"]
[WhiteElo "2381"]
[BlackElo "2042"]
[PlyCount "98"]
[EventDate "2024.04.24"]
[EventType "swiss"]
[EventCountry "CHN"]
[TimeControl "5400+30"]

1. e4 e5 2. Bc4 Nf6 3. d3 c6 4. Nf3 d5 5. Bb3 a5 6. a4 Bb4+ 7. c3 Bd6 8. exd5 cxd5 9. O-O O-O 10. Bg5 Be6 11. Na3 Nbd7 12. Nb5 Bb8 13. Re1 h6 14. Bh4 Re8 15. Qc2 Ra6 16. h3 g5 17. Bg3 Bf5 18. Re3 Bh7 19. Qe2 Rae6 20. Re1 R8e7 21. Qd1 Qe8 22. d4 e4 23. Nd2 Nb6 24. Nf1 Bf4 25. R3e2 Bg6 26. Ne3 Bh5 27. Nf5 Rd7 28. f3 exf3 29. gxf3 Bxg3 30. Nxg3 Rde7 31. Nd6 Qb8 32. Nxh5 Nxh5 33. Nf5 Rxe2 34. Rxe2 Re6 35. Qe1 Nf4 36. Nxh6+ Kg7 37. Rxe6 fxe6 38. Ng4 Nxh3+ 39. Kf1 Nf4 40. Bc2 Nd7 41. Qg3 Qh8 42. Kf2 Qh1 43. Ne3 Kf7 44. Nf1 Nh3+ 45. Ke1 Kf6 46. Qc7 Nf8 47. Qe5+ Kf7 48. Qc7+ Kf6 49. Qe5+ Kf7 1/2-1/2

[Event "Chinese Championship-B Men 2024"]
[Site "Liaocheng"]
[Date "2024.04.24"]
[Round "4.4"]
[White "Cheng, Yuanda"]
[Black "Wu, Yixing"]
[Result "0-1"]
[WhiteElo "2068"]
[BlackElo "2348"]
[PlyCount "66"]
[EventDate "2024.04.24"]
[EventType "swiss"]
[EventCountry "CHN"]
[TimeControl "5400+30"]

1. e4 c6 2. d4 d5 3. Nc3 dxe4 4. Nxe4 Nf6 5. Nxf6+ exf6 6. Bc4 Bd6 7. Nf3 O-O 8. O-O Re8 9. h3 Nd7 10. c3 Nf8 11. Qb3 Qc7 12. Bd2 Bf5 13. a4 Re7 14. Rfe1 g5 15. Rxe7 Qxe7 16. Re1 Qd7 17. a5 Ng6 18. Qd1 Kg7 19. d5 c5 20. b4 b6 21. bxc5 bxc5 22. Bc1 h5 23. Bd3 g4 24. Bxf5 Qxf5 25. Nd2 gxh3 26. Ne4 Be5 27. g3 Rd8 28. c4 Bd4 29. Be3 Ne5 30. Bxd4 Nf3+ 31. Kh1 Nxe1 32. Nxc5 Rb8 33. Bxf6+ Qxf6 0-1